 Dungeon Sprint DCSS version 0.17-a0-1583-g2df49ec (webtiles) character file.

12200000 nuthulu the Formicid Barricade (level 27, -12/249 HPs)
             Began as a Formicid Fighter on July 28, 2015.
             Was the Champion of Makhleb.
             Killed by the air
             ... invoked by a tyrant
              (55 damage)
             ... in the Dungeon (Sprint VIII: "Arena of Blood").
             The game lasted 00:08:17 (122 turns).

nuthulu the Formicid Barricade (Formicid Fighter)    Turns: 122, Time: 00:08:17

Health: -12/249    AC: 13    Str: 22    XL:     27
Magic:  41/54      EV: 31    Int: 11    God:    Makhleb [******]
Gold:   0          SH: 19    Dex: 19    Spells: 0 memorised, 80 levels left

rFire  . . .     SeeInvis +     l - +∞ Axe of Woe
rCold  . . .     Clarity  .     b - +0 scale mail
rNeg   . . .     SustAt   .     c - +0 shield
rPois  .         Gourm    .     (helmet unavailable)
rElec  .         Spirit   .     (no cloak)
rCorr  .         Warding  .     (no gloves)
rMut   .         Stasis   +     (no boots)
MR     ++...                    (no amulet)
Stlth  ++++++++..               (no ring)
                                (no ring)

@: marked, very resistant to hostile enchantments, extraordinarily stealthy
A: permanent stasis, dig shafts and tunnels, four strong arms, antennae 3
a: Dig, Minor Destruction, Lesser Servant of Makhleb, Major Destruction, Greater
Servant of Makhleb, Renounce Religion


You were in the Dungeon.
You worshipped Makhleb.
Makhleb was exalted by your worship.
You were not hungry.

You visited 1 branch

Inventory:

Hand weapons
 a - a +0 war axe
 l - the +∞ Axe of Woe (weapon)
   (You found it in the Dungeon)
Armour
 b - a +0 scale mail (worn)
 c - a +0 shield (worn)
Scrolls
 k - a scroll of blinking
Potions
 d - a potion of might
 f - a potion of curing
 g - a potion of heal wounds
 h - a potion of haste
 i - 2 potions of magic
 j - a potion of berserk rage
Comestibles
 e - a bread ration


   Skills:
 O Level 27 Fighting
 O Level 27 Axes
 O Level 27 Throwing
 O Level 27 Armour
 O Level 27 Dodging
 O Level 27 Stealth
 O Level 27 Shields
 O Level 27 Unarmed Combat
 O Level 27 Spellcasting
 O Level 27 Invocations


You had 80 spell levels left.
You didn't know any spells.

Dungeon Overview and Level Annotations

Branches:
Dungeon (1/1)

Altars:
Makhleb

Annotations:
D The Defiler


Innate Abilities, Weirdness & Mutations

You are under a permanent stasis effect.
You can dig through walls and to a lower floor.
Your four strong arms can wield two-handed weapons with a shield.
You have a pair of large antennae on your head (SInv).


Message History

The destroyer blinks! 2 orcs come into view.
The tyrant is engulfed in roaring flames.
The meat berserker is engulfed in roaring flames.
The observer is engulfed in roaring flames.
The dread is engulfed in roaring flames.
The accursed points at you and mumbles some strange words.
Something smites you!
* * * LOW HITPOINT WARNING * * *
The tyrant is engulfed in roaring flames.
The tyrant mumbles some strange words.
The tyrant seems to speed up.
The accursed is engulfed in roaring flames.
The large abomination is engulfed in roaring flames.
The destroyer is engulfed in roaring flames. x2
The destroyer blinks!
The bag of meat is engulfed in roaring flames.
The tyrant waves its bony arms in wide circles.
The air twists around and strikes you!
You die... {{{{{{{{{{{{ {{{{ {{{{{{{{ {{#.{{{{{.#{{ {{#{{{{{{{#{{ o###xo{{{§o###L LVXXV§###DLoxoX oz§WWoV@G§OoMXo XW§M#V§)Lx#Lozo

o{{{#z@V2§#{{{o
{{{#zS.x.#{{{
{{{o%._%%o..{
.{.o..###......
.###.. ..###.
#.. ..#{ #..
..#


You could see 2 accurseds, a tentacled monstrosity, 5 tyrants, a reaper, an
eight-headed meat hydra, 5 destroyers, an observer (invisible), a scourge, 4
sculptors of flesh, 4 large abominations, The Defiler, a wretched soul
(invisible), 2 dreads, a meat berserker (berserk) and 15 bags of meat.

Vanquished Creatures
  10 hell beasts (D)
  3 greater mummies (D)
  31 orcs (D)
  7 phantoms (D)
  5 hill giants (D)
  2 skeletal warriors (D)
  A great orb of eyes (D)
  9 wraiths (D)
  9 large abominations (D)
  5 small abominations (D)
  13 crawling corpses (D)
  Sigmund (D)
  18 vampire knights (D)
  57 ogres (D)
  5 liches (D)
  3 hydras (D)
179 creatures vanquished.

Vanquished Creatures (others)
  20 orcs (D)
  7 hill giants (D)
  A small abomination (D)
  4 crawling corpses (D)
  An ogre (D)
33 creatures vanquished.

Grand Total: 212 creatures vanquished

Notes
Turn   | Place    | Note
--------------------------------------------------------------
     0 | D        | nuthulu the Formicid Fighter began the quest for the Orb.
     0 | D        | Reached XP level 1. HP: 18/18 MP: 1/1
     3 | D        | Noticed a bag of meat
     3 | D        | Noticed a meat berserker
     4 | D        | Became a worshipper of Makhleb the Destroyer
     5 | D        | Noticed a meat berserker
     7 | D        | Killed a meat berserker
     7 | D        | Reached skill level 16 in Fighting
     7 | D        | Reached skill level 15 in Axes
     7 | D        | Reached skill level 17 in Shields
     7 | D        | Reached XP level 2. HP: 8/46 MP: 2/2
     7 | D        | Reached XP level 3. HP: 9/52 MP: 3/3
     7 | D        | Reached XP level 4. HP: 10/59 MP: 4/4
     7 | D        | Reached XP level 5. HP: 11/65 MP: 5/5
     7 | D        | Reached XP level 6. HP: 12/73 MP: 6/6
     7 | D        | Reached XP level 7. HP: 12/79 MP: 7/7
     7 | D        | Reached XP level 8. HP: 13/86 MP: 8/8
     7 | D        | Reached XP level 9. HP: 13/92 MP: 9/9
     7 | D        | Reached XP level 10. HP: 13/99 MP: 10/10
     7 | D        | Reached XP level 11. HP: 13/106 MP: 11/11
     7 | D        | Reached XP level 12. HP: 13/113 MP: 12/12
     7 | D        | Reached XP level 13. HP: 13/119 MP: 13/13
     8 | D        | Killed a meat berserker
     8 | D        | Acquired Makhleb's first power
     8 | D        | Reached skill level 19 in Fighting
     8 | D        | Reached skill level 20 in Shields
     8 | D        | Reached XP level 14. HP: 81/133 MP: 14/14
     8 | D        | Reached XP level 15. HP: 84/139 MP: 15/15
    16 | D        | Noticed a meat berserker
    19 | D        | Noticed a bag of meat
    20 | D        | Noticed a meat berserker
    20 | D        | Killed a meat berserker
    20 | D        | Reached skill level 22 in Shields
    20 | D        | Reached XP level 16. HP: 92/150 MP: 16/16
    22 | D        | Noticed a meat berserker
    22 | D        | Killed a meat berserker
    22 | D        | Acquired Makhleb's second power
    22 | D        | Reached skill level 24 in Shields
    22 | D        | Reached XP level 17. HP: 97/162 MP: 17/17
    25 | D        | Noticed a bag of meat
    25 | D        | Noticed a bag of meat
    25 | D        | Noticed a destroyer
    26 | D        | Noticed a bag of meat
    26 | D        | Noticed a bag of meat
    26 | D        | Noticed a bag of meat
    27 | D        | Noticed a destroyer
    28 | D        | Killed a meat berserker
    28 | D        | Reached skill level 25 in Shields
    29 | D        | Killed a bag of meat
    29 | D        | Acquired Makhleb's third power
    29 | D        | Reached skill level 26 in Shields
    29 | D        | Reached XP level 18. HP: 137/175 MP: 18/18
    31 | D        | Killed a bag of meat
    32 | D        | Killed a destroyer
    32 | D        | Reached skill level 27 in Fighting
    32 | D        | Reached skill level 27 in Armour
    32 | D        | Reached skill level 27 in Shields
    32 | D        | Reached XP level 19. HP: 183/189 MP: 19/19
    32 | D        | Killed a bag of meat
    32 | D        | Acquired Makhleb's fourth power
    33 | D        | Killed a bag of meat
    33 | D        | Reached skill level 27 in Axes
    34 | D        | Noticed a meat berserker
    34 | D        | Killed a bag of meat
    34 | D        | Reached skill level 27 in Dodging
    34 | D        | Reached skill level 5 in Unarmed Combat
    34 | D        | Reached skill level 5 in Spellcasting
    34 | D        | Reached XP level 20. HP: 197/197 MP: 19/28
    34 | D        | Killed a bag of meat
    34 | D        | Acquired Makhleb's fifth power
    34 | D        | Reached skill level 10 in Invocations
    35 | D        | Noticed a destroyer
    35 | D        | Killed a meat berserker
    35 | D        | Reached skill level 10 in Throwing
    35 | D        | Reached skill level 15 in Stealth
    38 | D        | Noticed a large bag of meat
    38 | D        | Killed a destroyer
    38 | D        | Reached XP level 21. HP: 204/204 MP: 19/41
    39 | D        | Noticed a bag of meat
    39 | D        | Killed a destroyer
    42 | D        | Noticed a bag of meat
    44 | D        | Killed a large bag of meat
    44 | D        | Reached XP level 22. HP: 212/212 MP: 21/45
    45 | D        | Noticed a bag of meat
    45 | D        | Noticed a meat berserker
    46 | D        | Noticed a bag of meat
    46 | D        | Killed a bag of meat
    47 | D        | Noticed a bag of meat
    48 | D        | Noticed a meat berserker
    49 | D        | Noticed a bag of meat
    49 | D        | Killed a meat berserker
    50 | D        | Noticed a meat berserker
    51 | D        | Killed a meat berserker
    51 | D        | Reached skill level 27 in Stealth
    51 | D        | Reached XP level 23. HP: 140/219 MP: 23/49
    52 | D        | Noticed a destroyer
    52 | D        | Killed a bag of meat
    52 | D        | Reached skill level 27 in Invocations
    53 | D        | Noticed a large bag of meat
    54 | D        | Killed a bag of meat
    54 | D        | Killed a bag of meat
    54 | D        | Killed a bag of meat
    55 | D        | Noticed an accursed
    55 | D        | Noticed a tyrant
    55 | D        | Killed a meat berserker
    55 | D        | Reached skill level 27 in Unarmed Combat
    55 | D        | Reached skill level 27 in Spellcasting
    55 | D        | Reached XP level 24. HP: 227/227 MP: 24/54
    56 | D        | Killed a bag of meat
    56 | D        | Reached skill level 27 in Throwing
    57 | D        | Noticed a meat berserker
    58 | D        | Noticed a tyrant
    58 | D        | Killed a destroyer
    60 | D        | Noticed a destroyer
    60 | D        | Noticed a large bag of meat
    61 | D        | Noticed a bag of meat
    61 | D        | Killed a tyrant
    61 | D        | Reached XP level 25. HP: 215/234 MP: 25/54
    61 | D        | Killed a large bag of meat
    62 | D        | Killed a meat berserker
    63 | D        | Noticed a meat berserker
    63 | D        | Killed a destroyer
    66 | D        | Killed an accursed
    66 | D        | Reached XP level 26. HP: 175/242 MP: 27/54
    66 | D        | Killed a large bag of meat
    66 | D        | Killed a meat berserker
    66 | D        | Reached XP level 27. HP: 249/249 MP: 27/54
    68 | D        | Noticed a large bag of meat
    68 | D        | Noticed a meat berserker
    68 | D        | Killed a bag of meat
    69 | D        | Noticed a dread
    70 | D        | Noticed a meat berserker
    70 | D        | Noticed a destroyer
    70 | D        | Noticed The Captor
    71 | D        | Noticed a bag of meat
    71 | D        | Noticed a meat berserker
    71 | D        | Killed a destroyer
    71 | D        | Killed a dread
    72 | D        | Noticed a sculptor of flesh
    72 | D        | Killed a tyrant
    73 | D        | Killed a meat berserker
    74 | D        | Noticed a destroyer
    74 | D        | Noticed a bag of meat
    74 | D        | Noticed a bag of meat
    75 | D        | Noticed a bag of meat
    75 | D        | Killed a meat berserker
    76 | D        | Noticed a meat berserker
    76 | D        | Noticed a destroyer
    76 | D        | Killed a meat berserker
    76 | D        | Killed a large bag of meat
    77 | D        | Noticed a bag of meat
    77 | D        | Noticed a bag of meat
    77 | D        | Noticed a large bag of meat
    77 | D        | Noticed a destroyer
    77 | D        | Noticed a dread
    77 | D        | Noticed a dread
    78 | D        | Noticed a meat berserker
    78 | D        | Noticed a meat berserker
    78 | D        | Noticed a meat beast
    78 | D        | Killed a meat berserker
    78 | D        | Killed The Captor
    79 | D        | Noticed a dread
    79 | D        | Noticed a bag of meat
    79 | D        | Noticed a meat berserker
    79 | D        | Noticed a bag of meat
    79 | D        | Killed a bag of meat
    79 | D        | Killed a meat berserker
    80 | D        | Noticed a meat berserker
    80 | D        | Noticed a meat berserker
    80 | D        | Noticed a sculptor of flesh
    80 | D        | Noticed a sculptor of flesh
    80 | D        | Noticed a dread
    80 | D        | Noticed a meat beast
    80 | D        | Killed a sculptor of flesh
    81 | D        | Noticed a bag of meat
    81 | D        | Noticed a tyrant
    81 | D        | Noticed a meat berserker
    81 | D        | Noticed a dread
    81 | D        | Killed a meat berserker
    81 | D        | Killed a destroyer
    82 | D        | Noticed a meat berserker
    82 | D        | Noticed a bag of meat
    82 | D        | Noticed a bag of meat
    82 | D        | Noticed a bag of meat
    82 | D        | Killed a dread
    82 | D        | Killed a destroyer
    82 | D        | Killed a large bag of meat
    83 | D        | Noticed a meat berserker
    83 | D        | Noticed a destroyer
    83 | D        | Noticed a sculptor of flesh
    83 | D        | Noticed a meat beast
    83 | D        | Noticed an accursed
    83 | D        | Killed a meat beast
    83 | D        | Killed a meat beast
    83 | D        | Killed a bag of meat
    84 | D        | Noticed a tyrant
    84 | D        | Noticed a bag of meat
    84 | D        | Noticed a dread
    84 | D        | Killed a dread
    84 | D        | Killed a bag of meat
    84 | D        | Killed a bag of meat
    84 | D        | Killed a destroyer
    85 | D        | Noticed a bag of meat
    85 | D        | Noticed a bag of meat
    85 | D        | Noticed a meat berserker
    85 | D        | Noticed a bag of meat
    85 | D        | Noticed a meat berserker
    85 | D        | Noticed a dread
    85 | D        | Noticed a meat berserker
    85 | D        | Noticed a meat beast
    85 | D        | Noticed a meat berserker
    85 | D        | Killed a destroyer
    85 | D        | Killed a bag of meat
    85 | D        | Killed a meat berserker
    86 | D        | Noticed a bag of meat
    86 | D        | Noticed a bag of meat
    86 | D        | Noticed a meat berserker
    86 | D        | Killed a meat berserker
    87 | D        | Noticed a bag of meat
    87 | D        | Noticed a wretched soul
    87 | D        | Killed a meat berserker
    87 | D        | Killed a dread
    87 | D        | Killed a meat berserker
    88 | D        | Noticed a meat berserker
    88 | D        | Noticed a meat berserker
    88 | D        | Noticed a tyrant
    88 | D        | Noticed a wretched soul
    88 | D        | Killed a bag of meat
    88 | D        | Killed a meat berserker
    88 | D        | Killed a bag of meat
    89 | D        | Noticed a bag of meat
    89 | D        | Noticed a meat berserker
    89 | D        | Noticed a meat berserker
    89 | D        | Noticed a meat berserker
    89 | D        | Noticed a bag of meat
    89 | D        | Noticed a meat beast
    89 | D        | Killed a meat berserker
    90 | D        | Noticed a bag of meat
    90 | D        | Noticed a bag of meat
    90 | D        | Noticed a destroyer
    90 | D        | Noticed an accursed
    90 | D        | Noticed a meat beast
    90 | D        | Killed a meat berserker
    90 | D        | Killed a meat beast
    91 | D        | Noticed a meat berserker
    91 | D        | Noticed a meat beast
    91 | D        | Noticed a bag of meat
    91 | D        | Noticed a wretched soul
    91 | D        | Noticed a meat berserker
    91 | D        | Killed a meat berserker
    91 | D        | Killed a destroyer
    91 | D        | Killed a meat beast
    92 | D        | Noticed a bag of meat
    92 | D        | Noticed a meat berserker
    92 | D        | Noticed a bag of meat
    92 | D        | Noticed a meat berserker
    92 | D        | Killed a meat berserker
    92 | D        | Killed a dread
    92 | D        | Killed a meat beast
    93 | D        | Noticed a meat berserker
    93 | D        | Noticed a destroyer
    93 | D        | Noticed a destroyer
    93 | D        | Noticed a meat berserker
    93 | D        | Noticed a meat berserker
    93 | D        | Noticed an accursed
    93 | D        | Noticed a large bag of meat
    93 | D        | Killed a tyrant
    94 | D        | Noticed a meat berserker
    94 | D        | Noticed a bag of meat
    94 | D        | Killed a dread
    95 | D        | Noticed a bag of meat
    95 | D        | Noticed a meat berserker
    95 | D        | Noticed a meat berserker
    95 | D        | Noticed a meat berserker
    95 | D        | Noticed a meat berserker
    95 | D        | Noticed a destroyer
    95 | D        | Killed a meat berserker
    95 | D        | Killed a sculptor of flesh
    96 | D        | Noticed a bag of meat
    96 | D        | Noticed a bag of meat
    96 | D        | Noticed a bag of meat
    96 | D        | Noticed a bag of meat
    96 | D        | Noticed a wretched soul
    96 | D        | Noticed a bag of meat
    96 | D        | Noticed a meat berserker
    96 | D        | Killed a meat berserker
    96 | D        | Killed a meat berserker
    96 | D        | Killed a meat berserker
    97 | D        | Noticed a meat berserker
    97 | D        | Noticed a meat berserker
    97 | D        | Noticed a large bag of meat
    97 | D        | Killed a wretched soul
    97 | D        | Killed a meat berserker
    97 | D        | Killed a bag of meat
    97 | D        | Killed a tyrant
    98 | D        | Noticed a meat berserker
    98 | D        | Killed a meat berserker
    98 | D        | Killed a meat beast
    98 | D        | Killed a dread
    98 | D        | Killed a meat berserker
    99 | D        | Noticed a bag of meat
    99 | D        | Noticed a bag of meat
    99 | D        | Noticed an accursed
    99 | D        | Killed a meat berserker
   100 | D        | Noticed a meat berserker
   100 | D        | Noticed a meat berserker
   100 | D        | Noticed a sculptor of flesh
   100 | D        | Noticed a dread
   100 | D        | Killed a meat berserker
   100 | D        | Killed a meat berserker
   100 | D        | Killed a meat berserker
   100 | D        | Killed a meat berserker
   100 | D        | Killed a meat berserker
   100 | D        | HP: 9/249 [accursed/divine providence (10)]
   101 | D        | Noticed an observer
   101 | D        | Noticed a bag of meat
   101 | D        | Noticed a meat berserker
   101 | D        | Noticed a large bag of meat
   101 | D        | Noticed a tyrant
   101 | D        | Killed a meat berserker
   101 | D        | Killed a bag of meat
   102 | D        | Killed a meat berserker
   102 | D        | Killed a wretched soul
   102 | D        | Killed a destroyer
   102 | D        | Killed a meat berserker
   103 | D        | Noticed a meat beast
   104 | D        | Noticed a large bag of meat
   104 | D        | Noticed a meat berserker
   104 | D        | Noticed a meat berserker
   104 | D        | Noticed a meat berserker
   104 | D        | Killed a wretched soul
   104 | D        | Killed a dread
   104 | D        | Killed a meat berserker
   104 | D        | Killed a meat beast
   104 | D        | Killed a meat berserker
   105 | D        | Noticed a destroyer
   105 | D        | Noticed a destroyer
   105 | D        | Killed a meat berserker
   105 | D        | Killed a meat berserker
   105 | D        | Killed a bag of meat
   105 | D        | Killed a meat beast
   106 | D        | Noticed a wretched soul
   106 | D        | Noticed a bag of meat
   106 | D        | Noticed a bag of meat
   106 | D        | Killed a meat berserker
   107 | D        | Noticed a meat berserker
   107 | D        | Noticed a meat beast
   107 | D        | Noticed a tyrant
   107 | D        | Noticed a meat berserker
   107 | D        | Killed an accursed
   107 | D        | Killed a meat berserker
   107 | D        | Killed a meat berserker
   108 | D        | Noticed a bag of meat
   108 | D        | Noticed a large bag of meat
   108 | D        | Noticed a bag of meat
   108 | D        | Killed a meat berserker
   108 | D        | Killed a meat berserker
   108 | D        | Killed a bag of meat
   108 | D        | Killed a wretched soul
   109 | D        | Noticed an observer
   109 | D        | Killed a meat berserker
   109 | D        | Killed a meat beast
   110 | D        | Noticed a meat beast
   110 | D        | Noticed a bag of meat
   110 | D        | Noticed a wretched soul
   110 | D        | Noticed a sculptor of flesh
   110 | D        | Noticed a destroyer
   110 | D        | Killed a bag of meat
   110 | D        | Killed a bag of meat
   110 | D        | Killed a bag of meat
   110 | D        | Killed a bag of meat
   111 | D        | Noticed a meat berserker
   111 | D        | Killed a meat berserker
   111 | D        | Killed a bag of meat
   112 | D        | Noticed a bag of meat
   112 | D        | Noticed a dread
   112 | D        | Killed a meat berserker
   112 | D        | Killed a destroyer
   112 | D        | Killed a bag of meat
   112 | D        | Killed a meat berserker
   112 | D        | Killed a bag of meat
   113 | D        | Noticed The Defiler
   113 | D        | Noticed a tyrant
   113 | D        | Noticed a wretched soul
   113 | D        | Noticed a destroyer
   113 | D        | Noticed a sculptor of flesh
   113 | D        | Noticed an accursed
   113 | D        | Killed a bag of meat
   114 | D        | Noticed a bag of meat
   114 | D        | Killed a tyrant
   114 | D        | Killed a meat berserker
   115 | D        | Noticed a bag of meat
   115 | D        | Noticed a bag of meat
   115 | D        | Noticed a destroyer
   115 | D        | Noticed a large bag of meat
   115 | D        | Noticed a large bag of meat
   115 | D        | Killed an observer
   116 | D        | Noticed a destroyer
   116 | D        | Noticed a bag of meat
   116 | D        | Noticed a destroyer
   116 | D        | Noticed a destroyer
   116 | D        | Killed a destroyer
   116 | D        | Killed a destroyer
   116 | D        | Killed a wretched soul
   116 | D        | Killed a bag of meat
   116 | D        | Killed a meat beast
   117 | D        | Noticed a bag of meat
   117 | D        | Noticed a destroyer
   117 | D        | Killed a meat berserker
   117 | D        | Killed a large bag of meat
   117 | D        | Killed a bag of meat
   117 | D        | Killed a large bag of meat
   117 | D        | Killed a bag of meat
   117 | D        | Killed a bag of meat
   117 | D        | Killed a bag of meat
   117 | D        | Killed a large bag of meat
   117 | D        | Killed a bag of meat
   117 | D        | Killed a bag of meat
   117 | D        | Killed a bag of meat
   117 | D        | Killed a bag of meat
   117 | D        | Killed a bag of meat
   117 | D        | Killed a large bag of meat
   117 | D        | Killed a bag of meat
   117 | D        | Killed a bag of meat
   118 | D        | Noticed a meat berserker
   118 | D        | Noticed a destroyer
   118 | D        | Noticed a scourge
   118 | D        | Noticed a dread
   118 | D        | Killed a wretched soul
   118 | D        | Killed a meat berserker
   118 | D        | Killed a dread
   118 | D        | Killed a large bag of meat
   118 | D        | Killed a bag of meat
   118 | D        | Killed a bag of meat
   118 | D        | Killed a bag of meat
   118 | D        | Killed a bag of meat
   118 | D        | Killed a large bag of meat
   118 | D        | Killed a large bag of meat
   118 | D        | Killed a bag of meat
   118 | D        | Killed a bag of meat
   119 | D        | Noticed a bag of meat
   119 | D        | Noticed a bag of meat
   120 | D        | Noticed a bag of meat
   120 | D        | Noticed a bag of meat
   120 | D        | Noticed a bag of meat
   120 | D        | Noticed a bag of meat
   120 | D        | Noticed a bag of meat
   120 | D        | Noticed a wretched soul
   120 | D        | Noticed a sculptor of flesh
   120 | D        | Noticed a tyrant
   120 | D        | Noticed a tyrant
   120 | D        | Killed an accursed
   120 | D        | Killed a destroyer
   120 | D        | Killed a destroyer
   120 | D        | Killed a bag of meat
   121 | D        | Noticed a bag of meat
   121 | D        | Noticed a bag of meat
   121 | D        | Killed a destroyer
   121 | D        | Killed a wretched soul
   122 | D        | Noticed a bag of meat
   122 | D        | Noticed a bag of meat
   122 | D        | Killed from afar by a tyrant

Vault maps used:
D:        meatsprint

Action                   |  1- 3 |  4- 6 |  7- 9 | 10-12 | 13-15 | 16-18 | 19-21 | 22-24 | 25-27 || total
-------------------------+-------+-------+-------+-------+-------+-------+-------+-------+-------++-------
Melee: Executioner's axe |     1 |       |       |       |     2 |     5 |     6 |     9 |    55 ||    78
